 Dungeon Crawl Stone Soup version 0.29.1-4-g47bece8355 (webtiles) character file.

Game seed: 12823505454866043984

4416 trench the Cleaver (level 10, -4/88 HPs)
             Began as a Minotaur Fighter on Dec 6, 2022.
             Was an Elder of Qazlal.
             Slain by an acid dragon (7 damage)
             ... on level 9 of the Dungeon.
             The game lasted 00:30:36 (6172 turns).

trench the Cleaver (Minotaur Fighter)               Turns: 6172, Time: 00:30:37

Health: -4/88      AC:  7    Str: 24    XL:     10   Next: 14%
Magic:  12/12      EV:  6    Int:  5    God:    Qazlal [****..]
Gold:   338        SH: 10    Dex: 11    Spells: 9/9 levels left

rFire   . . .      SeeInvis +   b - +2 mace (holy)
rCold   . . .      Faith    .   c - +0 buckler
rNeg    . . .      Spirit   .   j - +0 plate armour
rPois   .          Reflect  .   (helmet restricted)
rElec   .          Harm     .   (no cloak)
rCorr   .          Rampage  .   (no gloves)
Will    .....                   m - +1 pair of boots
Stlth   ..........              u - amulet of regeneration
HPRegen 1.04/turn               A - ring of see invisible
MPRegen 0.13/turn               (no ring)

@: about to teleport, marked, corroded, slowed, repel missiles, very slow
A: horns 2, retaliatory headbutt
a: Renounce Religion, Upheaval, Elemental Force


You were on level 9 of the Dungeon.
You worshipped Qazlal.
Qazlal was greatly pleased with you.
You visited 1 branch of the dungeon, and saw 9 of its levels.

You collected 338 gold pieces.

Inventory:

Hand Weapons
 a - a +3 flail
 b - a +2 mace of holy wrath (weapon)
 d - a +3 scimitar of freezing
Missiles
 e - 15 poisoned darts
 q - 2 throwing nets
 B - 4 boomerangs (quivered)
Armour
 c - a +0 buckler (worn)
 g - a +1 ring mail of willpower
 j - a +0 plate armour (worn)
 m - a +1 pair of boots (worn)
Jewellery
 u - an amulet of regeneration (around neck)
 A - a ring of see invisible (left hand)
Wands
 r - a wand of flame (15)
Scrolls
 f - 2 scrolls of blinking {unknown}
 h - a scroll of identify
 l - 2 scrolls of teleportation
 t - a scroll of immolation {unknown}
 w - a scroll of amnesia {unknown}
 x - 2 scrolls of fear
 y - a scroll of magic mapping {unknown}
Potions
 i - a potion of mutation {unknown}
 k - 3 potions of lignification
 n - 2 potions of magic
 o - a potion of might
 p - 2 potions of resistance {unknown}
 s - a potion of curing
 v - 2 potions of flight {unknown}
 z - a potion of cancellation {unknown}


   Skills:
 + Level 7.7 Fighting
 * Level 10.0 Axes
 + Level 4.9 Throwing
 + Level 7.7 Armour
 + Level 7.8 Shields
 + Level 5.3 Invocations


You had 9 spell levels left.
You didn't know any spells.
Your spell library contained the following spells:

 Spells                   Type           Power      Damage    Failure   Level
 Necrotise                Necr           0%         1d4       100%        1
 Ensorcelled Hibernation  Hex/Ice        0%         N/A       100%        2
 Passwall                 Tmut/Erth      0%         N/A       100%        2
 Gell's Gravitas          Tloc           0%         N/A       100%        3
 Portal Projectile        Hex/Tloc       0%         N/A       100%        3
 Swiftness                Air            0%         N/A       100%        3
 Teleport Other           Tloc           0%         N/A       100%        3
 Tukima's Dance           Hex            0%         N/A       100%        3
 Vampiric Draining        Necr           0%         2d6       100%        3
 Airstrike                Air            0%         2d(0-16)  100%        4
 Summon Lightning Spire   Summ/Air       0%         N/A       100%        4
 Agony                    Necr           0%         N/A       100%        5
 Blade Hands              Tmut           0%         N/A       100%        5
 Lightning Bolt           Conj/Air       0%         1d11      100%        5
 Dispersal                Tloc           0%         N/A       100%        6


Dungeon Overview and Level Annotations

Branches:
Dungeon (9/15)             Temple (0/1) D:4
   Lair: D:8-11         Orc: D:9-12

Altars:
Makhleb
Nemelex Xobeh
Qazlal
Ru
Yredelemnul

Shops:
D:2 *

Annotations:
D:9 Erolcha


Innate Abilities, Weirdness & Mutations

You have a pair of horns on your head.
You reflexively headbutt those who attack you in melee.


Message History

You block the acid dragon's attack. The acid dragon claws you.
You feel sick. The acid dragon spits acid at you. The splash of acid hits you!
The acid corrodes you!
You feel sick.
A wight comes into view. It is wielding a +0 battleaxe.
The acid dragon attacks as you move away!
The acid dragon bites you! The acid dragon claws you.
You feel sick. The acid dragon bites you! You block the acid dragon's attack.
The acid dragon attacks as you move away!
You block the acid dragon's attack.
The acid dragon claws you but does no damage.
A wight comes into view. It is wielding a +0 great sword.
You feel sick.
You are no longer poisoned.
The acid dragon spits acid at you. The splash of acid hits you!
* * * LOW HITPOINT WARNING * * *
As you read the scroll of teleportation, it crumbles to dust.
You feel strangely unstable.
The acid dragon is engulfed in freezing vapours.
The acid dragon bites you!
* * * LOW HITPOINT WARNING * * *
The acid dragon claws you but does no damage.
You feel better.
The centaur shoots an arrow.
You block the arrow. The acid dragon barely misses you.
The acid dragon claws you.
* * * LOW HITPOINT WARNING * * *
You block the wraith's attack.
The centaur shoots an arrow.
The arrow hits you!
* * * LOW HITPOINT WARNING * * *
You feel better.
You feel yourself speed up.
The centaur shoots an arrow.
The arrow hits you!
* * * LOW HITPOINT WARNING * * *
You block the acid dragon's attack. x2; The wraith hits you but does no damage.
The centaur shoots an arrow.
The arrow hits you!
* * * LOW HITPOINT WARNING * * *
The wraith hits you.
* * * LOW HITPOINT WARNING * * *
The wraith drains your vigour!
You feel yourself slow down. The acid dragon bites you!
You die...

.. .......... ### #.#
.......... .. ..
#........# #.. #K#
#........# ###.. #..##
#........# ...$.. #..#
#..☼.....#
......###W####D.......#
.........KKzzc○@......#
.#.....#..###W§°○....#
#...#.##.# #°.z.....#
..... #.##..##........#
.... #.###.##........#
... #.# ..#..##.#### ..
#.# #...## .# . #..
#..# .. ...


You could see 2 wraiths, an acid dragon, a kobold brigand, a centaur, 3 wights
and a kobold.

Vanquished Creatures
  A centaur warrior (D:7)
  A wyvern (D:8)
  A steam dragon (D:6)
  A black bear (D:7)
  4 orc warriors
  An ice beast (D:5)
  5 ogres
  A centaur (D:7)
  2 kobold brigands
  3 phantoms
  4 bullfrogs
  2 scorpions
  2 jellies
  2 necrophages (D:5)
  12 wights
  A killer bee (D:7)
  2 bullfrog zombies (D:5)
  2 orc priests (D:5)
  A human zombie (D:5)
  2 hounds
  6 iguanas
  5 orc wizards
  Natasha (twice) (D:3)
  A hound zombie (D:5)
  A mummy (D:5)
  Robin (D:4)
  A howler monkey zombie (D:5)
  10 gnolls
  6 adders
  2 shadow imps
  3 white imps
  An ufetubus (D:5)
  A worm (D:4)
  28 orcs
  4 bats
  7 endoplasms
  3 giant cockroaches (D:3)
  12 goblins
  2 hobgoblins (D:4)
  9 jackals
  15 kobolds
  2 quokkas
  2 ball pythons
  3 frilled lizards
  2 rats (D:3)
179 creatures vanquished.

Vanquished Creatures (others)
  3 fungi (D:8)
  5 plants (D:8)
8 creatures vanquished.

Grand Total: 187 creatures vanquished

Notes
Turn   | Place    | Note
-------+----------+-------------------------------------------
     0 | D:1      | trench the Minotaur Fighter began the quest for the Orb.
     0 | D:1      | Reached XP level 1. HP: 19/19 MP: 0/0
    53 | D:2      | Found a stormy altar of Qazlal.
    67 | D:2      | Became a worshipper of Qazlal Stormbringer
   226 | D:2      | Reached XP level 2. HP: 24/27 MP: 1/1
   328 | D:2      | Identified the +6 ring mail "Zomaidgho" {Str-4 Int+7}
   355 | D:2      | Found Ajapang's General Store.
   683 | D:3      | Reached skill level 3 in Axes
   787 | D:3      | Reached XP level 3. HP: 33/33 MP: 2/2
   806 | D:3      | Reached skill level 1 in Invocations
  1113 | D:3      | Reached XP level 4. HP: 40/40 MP: 3/3
  1389 | D:3      | Reached * piety under Qazlal
  1406 | D:3      | Reached skill level 4 in Axes
  1435 | D:3      | Found a burning altar of Makhleb.
  1469 | D:3      | Noticed Natasha
  1478 | D:3      | Killed Natasha
  1479 | D:3      | Reached XP level 5. HP: 41/47 MP: 5/5
  1885 | D:3      | Noticed Natasha
  1896 | D:3      | Killed Natasha
  2178 | D:4      | Reached XP level 6. HP: 44/53 MP: 6/6
  2377 | D:4      | Reached ** piety under Qazlal
  2377 | D:4      | Noticed Robin
  2393 | D:4      | Killed Robin
  2535 | D:4      | Found a staircase to the Ecumenical Temple.
  2925 | D:5      | Entered Level 5 of the Dungeon
  3009 | D:5      | Reached skill level 5 in Axes
  3011 | D:5      | Reached skill level 1 in Throwing
  3011 | D:5      | Reached skill level 5 in Shields
  3024 | D:5      | Noticed an ice beast
  3034 | D:6      | Noticed an orc warrior
  3045 | D:5      | Killed an ice beast
  3057 | D:4      | Reached skill level 5 in Fighting
  3057 | D:4      | Reached skill level 5 in Armour
  3057 | D:4      | Reached XP level 7. HP: 61/61 MP: 7/7
  3173 | D:5      | Found a sparkling altar of Nemelex Xobeh.
  3257 | D:5      | Reached skill level 6 in Axes
  3287 | D:5      | Found a basalt altar of Yredelemnul.
  3362 | D:5      | Reached XP level 8. HP: 64/67 MP: 9/9
  3468 | D:5      | Found a sacrificial altar of Ru.
  3570 | D:5      | Reached skill level 7 in Axes
  3589 | D:5      | Reached *** piety under Qazlal
  4266 | D:6      | Reached skill level 8 in Axes
  4303 | D:6      | Reached XP level 9. HP: 78/78 MP: 11/11
  4944 | D:7      | Reached skill level 9 in Axes
  5015 | D:7      | Noticed a centaur warrior
  5021 | D:7      | Killed a centaur warrior
  5022 | D:7      | Reached skill level 5 in Invocations
  5022 | D:7      | Noticed a seven-headed hydra
  5081 | D:7      | Reached **** piety under Qazlal
  5345 | D:8      | Reached XP level 10. HP: 71/86 MP: 8/12
  5990 | D:9      | Noticed Erolcha
  6023 | D:9      | Noticed a two-headed ogre
  6097 | D:9      | Noticed a two-headed ogre
  6161 | D:9      | Reached skill level 10 in Axes
  6172 | D:9      | HP: 4/88 [centaur/arrow (11)]
  6172 | D:9      | Slain by an acid dragon

Illustrated notes

Levels and vault maps discovered:
D:1:      psy_arrival_heroes, layout_rooms, chequers_ecumenical_altar_island,
          minmay_pentomino_u2
D:2:      layout_rooms, basic_altar, serial_shops, nicolae_shop_waterfront
D:3:      layout_loops_ring, lemuel_crystal_altar, gup_sewer_entry_bubbles,
          minmay_misc_feat_tiny, uniq_natasha
D:4:      layout_basic, minmay_temple_entry_glassed_door, uniq_robin
D:5:      cheibrodos_helix_gallery, layout_basic,
          lemuel_mausoleum_altar_yredelemnul, nemelex_dance_club_becter,
          nicolae_ru_great_annihilating_truth
D:6:      layout_rooms
D:7:      layout_loops_ring, kennysheep_flooded_box, minmay_the_grid_2x2
          [minmay_the_grid_broken_lines, minmay_the_grid_stretched_grid,
          minmay_the_grid_spikes, minmay_the_grid_prize_diamond_cup]
D:8:      layout_basic, dpeg_oklobed_lair, minmay_misc_feat_room
D:9:      layout_rooms, zin_scriptorium, lemuel_tele_altar,
          jmf_multi_god_temple2, serial_shops, shop, uniq_erolcha,
          uniq_gastronok

Skill      XL: |  1  2  3  4  5  6  7  8  9 10 |
---------------+-------------------------------+-----
Axes           | 3 4 5 6 8 9 10 | 10.0
Fighting       | 4 5 6 7 |  7.7
Shields        | 4 5 6 7 |  7.8
Armour         | 4 5 6 7 |  7.7
Invocations    | 1 2 3 4 5 |  5.3
Throwing       | 1 2 3 4 |  4.9

Action                   |  1- 3 |  4- 6 |  7- 9 | 10-12 || total
-------------------------+-------+-------+-------+-------++-------
Melee: War axe           |    45 |       |       |       ||    45
       Headbutt          |     8 |    22 |    49 |     6 ||    85
       Flail             |     6 |   142 |   198 |    27 ||   373
       Mace              |       |       |    57 |    12 ||    69
Throw: Dart              |       |    10 |    17 |       ||    27
Invok: Upheaval          |       |       |     1 |       ||     1
  Use: Potion            |     2 |       |     3 |     2 ||     7
       Scroll            |       |       |     6 |     1 ||     7
 Stab: Paralysed         |       |       |     1 |       ||     1
Armor: Scale mail        |    14 |       |       |       ||    14
       Plate armour      |    19 |   110 |   128 |    28 ||   285
       Ring mail         |     1 |       |       |       ||     1
Dodge: Dodged            |    27 |    57 |    68 |    13 ||   165
       Repelled          |       |       |       |     1 ||     1
Block: Buckler           |    10 |    45 |   116 |    34 ||   205
